 Dungeon Crawl Stone Soup version 0.30-a0-313-gae38170b09 (webtiles) character file.

Game seed: 9154329351112067582

249 ragingrage the Sneak (level 5, -2/35 HPs)
             Began as a Vampire Enchanter on Oct 26, 2022.
             Slain by a gnoll
             ... wielding a +0 whip
              (7 damage)
             ... on level 3 of the Dungeon.
             The game lasted 00:02:02 (1463 turns).

ragingrage the Sneak (Vampire Enchanter)            Turns: 1463, Time: 00:02:02

Health: -2/35      AC:  2    Str:  7    XL:     5   Next: 86%
Magic:  2/8        EV: 12    Int: 17    God:
Gold:   58         SH:  0    Dex: 17    Spells: 0/8 levels left

rFire   . . .      SeeInvis +    h - +0 short sword
rCold   . . .      Faith    .    (no shield)
rNeg    . . .      Spirit   .    b - +0 robe
rPois   .          Reflect  .    (no helmet)
rElec   .          Harm     .    (no cloak)
rCorr   .          Rampage  .    (no gloves)
Will    .....                    (no boots)
Stlth   ++++......               (no amulet)
HPRegen 0.45/turn                (no ring)
MPRegen 0.11/turn                (no ring)

@: mighty, healing quickly
A: alive, fangs 3, see invisible, vampiric 2
a: Exsanguinate


You were on level 3 of the Dungeon.
You visited 1 branch of the dungeon, and saw 3 of its levels.

You collected 58 gold pieces.

Inventory:

Hand Weapons
 a - a +1 dagger
 h - a +0 short sword (weapon)
Missiles
 e - 7 poisoned darts (quivered)
Armour
 b - a +0 robe (worn)
Scrolls
 f - a scroll of butterflies {unknown}
 g - a scroll of immolation {unknown}
 k - a scroll of fear {unknown}
 m - a scroll of identify {unknown}
Potions
 c - 2 potions of invisibility
 i - a potion of cancellation {unknown}
 j - a potion of brilliance {unknown}
 l - 3 potions of mutation {unknown}
 n - a potion of haste {unknown}
 o - a potion of lignification {unknown}


   Skills:
 + Level 3.8 Short Blades
 - Level 2.1 Dodging
 + Level 7.0 Stealth
 - Level 2.0 Spellcasting
 + Level 6.5 Hexes


You couldn't memorise any spells.
You knew the following spells:

 Your Spells              Type           Power      Damage    Failure   Level
a - Ensorcelled Hibernat  Hex/Ice        24%        N/A       8%          2
b - Confusing Touch       Hex            24%        N/A       4%          3
c - Tukima's Dance        Hex            24%        N/A       4%          3

Your spell library contained the following spells:

 Spells                   Type           Power      Damage    Failure   Level
 Dazzling Flash           Conj/Hex       24%        N/A       16%         3
 Cigotuvi's Dreadful Rot  Necr/Pois/Air  2%         N/A       28%         2
 Poisonous Vapours        Pois/Air       2%         N/A       28%         2
 Mephitic Cloud           Conj/Pois/Air  1%         N/A       50%         3


Dungeon Overview and Level Annotations

Branches:
Dungeon (3/15)

Altars:


Innate Abilities, Weirdness & Mutations

Your natural rate of healing is accelerated.
You have razor-sharp teeth.
You have supernaturally acute eyesight. (SInv)
You are afflicted with vampirism and can become a bat while bloodless.


Message History

Press: ? - help, Shift-Dir - straight line, f/p - gnoll
Aim: a gnoll, wielding a +0 whip (chance to affect: 54%)
The gnoll resists with significant effort.
The gnoll misses you.
Casting: Ensorcelled Hibernation (safe; 8% risk of failure)
Confirm with . or Enter, or press ? or * to list all spells.
Your hands begin to glow red.
The gnoll hits you with a +0 whip.
Unknown command.
You hit the gnoll but do no damage.
The gnoll appears confused.
You hit the gnoll but do no damage. The gnoll barely misses you.
The gnoll hits itself with a +0 whip.
You hit the gnoll but do no damage.
The gnoll is heavily wounded.
You strike the helpless gnoll from behind!
You puncture the gnoll!
You kill the gnoll!
Your Stealth skill increases to level 7!
You closely miss the gnoll. The gnoll barely misses you.
You hit the gnoll but do no damage. You hit the gnoll.
The gnoll is moderately wounded.
The gnoll hits you from afar with a +0 spear.
The gnoll barely misses you.
You closely miss the gnoll.
The gnoll is moderately wounded.
The gnoll hits you from afar with a +0 spear!
* * * LOW HITPOINT WARNING * * *
The gnoll closely misses you.
You hit the gnoll but do no damage.
The gnoll is moderately wounded.
The gnoll misses you. The gnoll hits you with a +0 whip.
* * * LOW HITPOINT WARNING * * *
Casting: Confusing Touch (dangerous; 4% risk of failure)
Confirm with . or Enter, or press ? or * to list all spells.
You don't have enough magic to cast this spell.
The gnoll attacks as you move away! The gnoll closely misses you.
It was a potion of might.
You feel very mighty all of a sudden. The gnoll hits you with a +0 whip!
You die...

#.# . #.# .###.# .#
..##.# .# #.##.# ###.#
#.##.###...## ###
#.##.##.....##
.....#####.#..........#
#..gg@....#........#
#########..........#
#######.##.....##
........###..<##
######### #........
#..#####. #..# #..#
#..#


You could see 2 gnolls.

Vanquished Creatures
  Sigmund (D:2)
  Natasha (D:2)
  A gnoll (D:3)
  An adder (D:2)
  A worm (D:2)
  A dart slug (D:1)
  5 endoplasms
  2 giant cockroaches (D:1)
  7 goblins
  6 hobgoblins
  4 jackals (D:1)
  2 kobolds (D:1)
  5 ball pythons
  A bat (D:1)
  3 frilled lizards
  2 rats
43 creatures vanquished.

Notes
Turn   | Place    | Note
-------+----------+-------------------------------------------
     0 | D:1      | ragingrage the Vampire Enchanter began the quest for the
                  | Orb.
     0 | D:1      | Reached XP level 1. HP: 13/13 MP: 3/3
    22 | D:1      | Found a faded altar of an unknown god.
   224 | D:1      | Reached XP level 2. HP: 19/19 MP: 5/5
   227 | D:1      | Learned a level 2 spell: Ensorcelled Hibernation
   423 | D:1      | Reached skill level 5 in Stealth
   664 | D:1      | Reached skill level 5 in Hexes
   668 | D:1      | Gained mutation: You are afflicted with vampirism and can
                  | become a bat while bloodless. [Vampire growth]
   668 | D:1      | Reached XP level 3. HP: 16/24 MP: 4/6
  1022 | D:2      | Noticed Sigmund
  1026 | D:2      | Killed Sigmund
  1027 | D:2      | Reached skill level 6 in Stealth
  1027 | D:2      | Reached XP level 4. HP: 30/30 MP: 4/7
  1027 | D:2      | Reached XP level 5. HP: 35/35 MP: 4/8
  1240 | D:2      | Noticed Natasha
  1247 | D:2      | Killed Natasha
  1423 | D:3      | Learned a level 3 spell: Confusing Touch
  1427 | D:3      | Learned a level 3 spell: Tukima's Dance
  1457 | D:3      | Reached skill level 7 in Stealth
  1463 | D:3      | Slain by a gnoll

Illustrated notes

Levels and vault maps discovered:
D:1:      nicolae_arrival_memento_mori, layout_loops_ring,
          hellmonk_ecumenical_altar_run_dry, minivault_19, grunt_decor_clamped
D:2:      layout_basic, uniq_natasha, uniq_sigmund
D:3:      layout_loops_ring, gammafunk_temple_overflow_elements

Skill      XL: |  1  2  3  4  5 |
---------------+----------------+-----
Stealth        | 5 6 7 |  7.0
Short Blades   | 2 3 |  3.8
Hexes          | 5 6 |  6.5
Dodging        | |  2.1
Spellcasting   | |  2.0

Action                   |  1- 3 |  4- 6 || total
-------------------------+-------+-------++-------
Melee: Dagger            |    30 |       ||    30
       Bite              |     9 |     3 ||    12
       Short sword       |    62 |    30 ||    92
       Punch             |       |     1 ||     1
 Cast: Ensorcelled Hiber |     7 |     2 ||     9
       Confusing Touch   |       |     1 ||     1
  Use: Potion            |       |     1 ||     1
 Stab: Sleeping          |    16 |     4 ||    20
       Confused          |       |     1 ||     1
Armor: Robe              |    14 |     1 ||    15
Dodge: Dodged            |    28 |    17 ||    45

Table legend: (Time is in decaauts)
 A = Elapsed time spent in this place.
 B = Non-inter-level travel time spent in this place.
 C = Inter-level travel time spent in this place.
 D = Time resting spent in this place.
 E = Time spent auto-exploring this place.
 F = Levels seen in this place.
 G = Mean time per level.
                   A        B        C        D        E       F      G
               +--------+--------+--------+--------+--------+-----+--------+
         Total |   1447 |   1392 |     55 |     54 |   1007 |   3 |  482.3 |
       Dungeon |   1447 |   1392 |     55 |     54 |   1007 |   3 |  482.3 |
               +--------+--------+--------+--------+--------+-----+--------+

Top non-repeatable levels by time:
     D:1: 927 daAuts
     D:2: 476 daAuts
     D:3: 43 daAuts
